 Dungeon Crawl Stone Soup version 0.30-a0-757-ga6a79fd877 (webtiles) character file.

Game seed: 17527822240445722956

11452 AzureAlchemist the Slicer (level 11, -7/72 HPs)
             Began as a Tengu Berserker on Feb 9, 2023.
             Was an Elder of Trog.
             Constricted to death by Jorgrun (19 damage)
             ... on level 2 of the Orcish Mines.
             The game lasted 00:40:17 (11111 turns).

AzureAlchemist the Slicer (Tengu Berserker)        Turns: 11111, Time: 00:40:17

Health: -7/72      AC:  3    Str: 18    XL:     11   Next: 77%
Magic:  12/12      EV: 16    Int:  8    God:    Trog [****..]
Gold:   908        SH: 12    Dex: 17    Spells: 10/10 levels left

rFire   + . .      SeeInvis .    b - +3 greatsling "Punk" {acid, rCorr}
rCold   . . .      Faith    .    H - +0 kite shield
rNeg    . . .      Spirit   .    E - +0 leather armour {rF+}
rPois   +          Reflect  .    (helmet restricted)
rElec   .          Harm     .    D - scarf {shadows}
rCorr   +          Rampage  .    (no gloves)
Will    +....                    (boots unavailable)
Stlth   +                        e - amulet of regeneration
HPRegen 1.12/turn                I - ring of poison resistance
MPRegen 0.13/turn                t - ring of willpower

@: about to teleport, grasped by roots, flying quickly and evasively,
constricted, quick
A: beak, talons 3, nimble flight
a: Renounce Religion, Berserk, Trog's Hand, Brothers in Arms


You were on level 2 of the Orcish Mines.
You worshipped Trog.
Trog was greatly pleased with you.
You visited 2 branches of the dungeon, and saw 12 of its levels.
You also visited: Sewer.

You collected 908 gold pieces.

Inventory:

Hand Weapons
 a - a +1 dagger of draining
 b - the +3 greatsling "Punk" (weapon) {acid, rCorr}
   (You took it off an orc on level 5 of the Dungeon)

   rCorr:     It protects you from acid and corrosion.
 g - the +1 hand axe of the Endless Defenders {freeze, rPois rCorr}
   (You found it on level 3 of the Dungeon)

   rPois:     It protects you from poison.
   rCorr:     It protects you from acid and corrosion.
Missiles
 d - 3 curare-tipped darts
 n - 18 poisoned darts
Armour
 B - a +0 troll leather armour
 D - a scarf of shadows (worn)
 E - a +0 leather armour of fire resistance (worn)
 H - a +0 kite shield (worn)
Jewellery
 e - an amulet of regeneration (around neck)
 l - a ring of protection from cold
 t - a ring of willpower (right hand)
 A - a ring of ice
 I - a ring of poison resistance (left hand)
Wands
 y - a wand of flame (31)
 G - a wand of polymorph (4)
Scrolls
 f - 3 scrolls of blinking
 o - 3 scrolls of immolation
 s - 2 scrolls of poison
 u - 4 scrolls of summoning
 w - a scroll of magic mapping
 C - 3 scrolls of teleportation
 F - a scroll of identify
Potions
 c - 2 potions of brilliance {unknown}
 h - 6 potions of curing
 i - a potion of attraction {unknown}
 j - 2 potions of ambrosia
 k - a potion of berserk rage {unknown}
 m - 4 potions of heal wounds
 p - 6 potions of haste
 q - 2 potions of cancellation {unknown}
 r - 6 potions of degeneration
 v - a potion of magic {unknown}
 x - 2 potions of resistance
 z - 3 potions of mutation


   Skills:
 - Level 10.0 Fighting
 - Level 10.0 Short Blades
 - Level 4.0 Armour
 - Level 10.0 Dodging
 + Level 9.6 Shields


You had 10 spell levels left.
You didn't know any spells.
Your spell library contained the following spells:

 Spells                   Type           Power      Damage    Failure   Level
 Lesser Beckoning         Tloc           0%         N/A       87%         2
 Call Canine Familiar     Summ           0%         N/A       98%         3
 Gell's Gravitas          Tloc           0%         N/A       98%         3
 Inner Flame              Hex/Fire       0%         N/A       98%         3
 Portal Projectile        Hex/Tloc       0%         N/A       98%         3
 Stone Arrow              Conj/Erth      0%         3d7       98%         3
 Summon Guardian Golem    Hex/Summ       0%         N/A       98%         3
 Teleport Other           Tloc           0%         N/A       98%         3
 Tukima's Dance           Hex            0%         N/A       98%         3
 Animate Armour           Summ/Erth      0%         N/A       100%        4
 Cause Fear               Hex            0%         N/A       100%        4
 Leda's Liquefaction      Hex/Erth       0%         N/A       100%        4
 Passage of Golubria      Tloc           0%         N/A       100%        4
 Yara's Violent Unravell  Hex/Tmut       0%         3d3       100%        5
 Orb of Destruction       Conj           0%         9d5       100%        7
 Spellforged Servitor     Conj/Summ      0%         N/A       100%        7
 Discord                  Hex            0%         N/A       100%        8
 Lehudib's Crystal Spear  Conj/Erth      0%         10d2      100%        8


Dungeon Overview and Level Annotations

Branches:
Dungeon (10/15)            Temple (0/1) D:7             Orc (2/2) D:10
  Sewer (visited)
   Lair: D:8-11         Elf: Orc:2

Altars:
Ashenzari
Cheibriados
Fedhas
Nemelex Xobeh
Okawaru
Qazlal
Ru
Sif Muna
Wu Jian
Yredelemnul
The Shining One

Shops:
D:2 [![[   D:7 (   D:9 (

Portals:
Trove: D:10 (give +3 storm dragon scales)

Annotations:
Orc:2 Jorgrun


Innate Abilities, Weirdness & Mutations

You have a beak for a mouth.
You have claws for feet.
Your magical nature lets you fly swiftly and evasively.


Message History

You see here a +0 whip.
Things that are here:
a +0 dagger; a +0 robe You start waiting.
You feel yourself speed up.
You start waiting.
You recover from your berserk rage.
Jorgrun Earthshaker comes into view.
He is wielding a +0 heavy quarterstaff.
The +3 greatsling "Punk" {acid, rCorr} begins to ooze corrosive slime!
b - the +3 greatsling "Punk" (weapon)
{acid, rCorr} You shoot a sling bullet.
Jorgrun shouts!
The sling bullet hits Jorgrun!
Jorgrun is splashed with acid.
Jorgrun is lightly wounded.
Jorgrun gestures at you while chanting.
Roots burst forth from the earth!
The grasping roots grab you! The grasping roots constrict you.
You shoot a sling bullet. The sling bullet misses Jorgrun.
The grasping roots constrict you. The grasping roots constrict you!
You shoot a sling bullet.
The sling bullet closely misses Jorgrun.
The grasping roots constrict you.
You shoot a sling bullet. The sling bullet barely misses Jorgrun.
The grasping roots constrict you! Jorgrun barely misses you.
The grasping roots constrict you!
* * * LOW HITPOINT WARNING * * *
Okay, then.
Unknown command.
Unknown command.
Okay, then.
Unknown command.
As you read the scroll of teleportation, it crumbles to dust.
You feel strangely unstable.
The roots grasp on you weakens, but your attempt to escape fails.
Jorgrun closely misses you. The grasping roots constrict you!
* * * LOW HITPOINT WARNING * * *
The roots grasp on you weakens, but your attempt to escape fails.
Jorgrun barely misses you. The grasping roots constrict you!!
You die...

.#.... ###......
###.........
##...........
#............
#...g......##.
#@......#...
#........#........
#.................
##................
#................
##.............o#
##............<#
##.............
#..........#.#


You could see Jorgrun.

Vanquished Creatures
  3 two-headed ogres
  Nergalle (D:10)
  Pikel (D:7)
  Joseph (D:7)
  2 gargoyles
  A komodo dragon (D:10)
  A troll (D:10)
  A wyvern (D:10)
  9 yaks (D:10)
  Menkaure (D:7)
  An acid dragon (D:8)
  3 water moccasins
  An ice beast (D:7)
  A sky beast (D:7)
  5 orc warriors
  5 ogres
  3 centaurs
  A phantom (D:5)
  A lemure (D:7)
  5 kobold brigands
  3 bullfrogs
  A necrophage (D:6)
  8 gnoll sergeants
  2 scorpions
  19 wights
  3 killer bees (D:9)
  3 howler monkeys (D:8)
  An electric eel (D:10)
  3 hounds
  5 jellies
  Crazy Yiuf (D:3)
  7 orc priests
  3 gnoll boudas
  Jessica (D:3)
  6 iguanas
  Terence (D:2)
  6 orc wizards
  A mummy (D:5)
  36 gnolls
  14 adders
  4 river rats
  2 shadow imps (D:6)
  2 white imps
  3 worms
  4 dart slugs
  33 orcs
  3 endoplasms
  2 giant cockroaches
  3 goblins
  9 hobgoblins
  8 jackals
  19 kobolds
  5 quokkas
  5 ball pythons
  8 bats
  A frilled lizard (Sewer)
  10 rats
292 creatures vanquished.

Vanquished Creatures (others)
  10 plants (Sewer)
10 creatures vanquished.

Grand Total: 302 creatures vanquished

Notes
Turn   | Place    | Note
-------+----------+-------------------------------------------
     0 | D:1      | AzureAlchemist the Tengu Berserker began the quest for the
                  | Orb.
     0 | D:1      | Reached XP level 1. HP: 14/14 MP: 2/2
   118 | D:1      | Reached XP level 2. HP: 19/19 MP: 3/3
   675 | D:1      | Reached ** piety under Trog
   731 | D:2      | Noticed Terence
   736 | D:2      | Killed Terence
   737 | D:2      | Reached XP level 3. HP: 23/23 MP: 4/4
   791 | D:2      | Reached XP level 4. HP: 28/28 MP: 5/5
   866 | D:2      | Found a faded altar of an unknown god.
   889 | D:2      | Found Reuroul's Antique Armour Boutique.
  1170 | D:2      | Found Jecetez's Antique Armour Shop.
  1174 | D:2      | Found Weud's Distillery.
  1326 | D:2      | Found Sutotufe's Antique Armour Boutique.
  1550 | D:3      | Found a basalt altar of Yredelemnul.
  1582 | D:3      | Identified the +1 hand axe of the Endless Defenders
                  | {freeze, rPois rCorr}
  1615 | D:3      | Found a shimmering blue altar of Sif Muna.
  1634 | D:3      | Noticed Jessica
  1641 | D:3      | Killed Jessica
  1947 | D:3      | Gained mutation: Your magical nature lets you fly swiftly
                  | and evasively. [Tengu growth]
  1947 | D:3      | Reached XP level 5. HP: 29/33 MP: 6/6
  2305 | D:3      | You are sucked into a shaft and drop 1 floor!
  2341 | D:4      | Noticed a water moccasin
  2354 | D:4      | Killed a water moccasin
  2355 | D:4      | Reached XP level 6. HP: 38/38 MP: 7/7
  2412 | D:4      | Reached skill level 5 in Short Blades
  2704 | D:4      | Reached XP level 7. HP: 43/43 MP: 8/8
  3277 | D:5      | Entered Level 5 of the Dungeon
  3535 | D:5      | Found a glowing drain.
  3544 | Sewer    | Entered a sewer
  3598 | Sewer    | Reached *** piety under Trog
  3761 | Sewer    | Reached XP level 8. HP: 48/48 MP: 9/9
  4619 | D:5      | Reached skill level 10 in Short Blades
  4883 | D:6      | Reached skill level 5 in Dodging
  4900 | D:6      | Reached skill level 5 in Fighting
  4904 | D:6      | Found a blossoming altar of Fedhas.
  4926 | D:6      | Reached **** piety under Trog
  4927 | D:6      | Reached XP level 9. HP: 54/54 MP: 10/10
  5575 | D:6      | Found a snail-covered altar of Cheibriados.
  6054 | D:6      | Reached skill level 1 in Shields
  6104 | D:6      | Found the +5 woodcutter's axe
  6467 | D:3      | Found a runed translucent door.
  6468 | D:3      | Noticed Crazy Yiuf
  6476 | D:3      | Killed Crazy Yiuf
  6642 | D:7      | Noticed Joseph
  6642 | D:7      | Found a sacrificial altar of Ru.
  6647 | D:7      | Killed Joseph
  6688 | D:7      | Noticed Menkaure
  6694 | D:7      | Killed Menkaure
  6778 | D:7      | Found Hipaon's Antique Weapon Shop.
  6793 | D:7      | Noticed Pikel
  6817 | D:7      | Killed Pikel
  6818 | D:7      | Reached XP level 10. HP: 63/63 MP: 11/11
  6920 | D:7      | Noticed a gargoyle
  6942 | D:7      | Killed a gargoyle
  7091 | D:7      | Found a staircase to the Ecumenical Temple.
  7382 | D:7      | Found a sparkling altar of Nemelex Xobeh.
  7755 | D:8      | Noticed a two-headed ogre
  7763 | D:8      | Killed a two-headed ogre
  7764 | D:8      | Reached skill level 5 in Shields
  7987 | D:8      | Found an iron altar of Okawaru.
  8117 | D:8      | Found an ornate altar of the Wu Jian Council.
  8793 | D:9      | Found a glowing golden altar of the Shining One.
  8820 | D:9      | Noticed a two-headed ogre
  8829 | D:9      | Killed a two-headed ogre
  8830 | D:9      | Reached XP level 11. HP: 71/71 MP: 12/12
  8900 | D:9      | Found Maobuniz's Weapon Shoppe.
  8900 | D:9      | Noticed a two-headed ogre
  8912 | D:9      | Killed a two-headed ogre
  8913 | D:9      | Reached skill level 10 in Dodging
  9643 | D:10     | Entered Level 10 of the Dungeon
  9847 | D:10     | Noticed Nergalle
  9860 | D:10     | Killed Nergalle
  9980 | D:10     | Reached skill level 10 in Fighting
 10251 | D:10     | Found a portal to a secret trove of treasure.
 10256 | D:10     | Found a stormy altar of Qazlal.
 10319 | D:10     | Found a staircase to the Orcish Mines.
 10399 | D:10     | Found a broken altar of Ashenzari.
 10720 | Orc:1    | Entered Level 1 of the Orcish Mines
 10776 | Orc:2    | Entered Level 2 of the Orcish Mines
 11103 | Orc:2    | Noticed Jorgrun
 11111 | Orc:2    | Constricted to death by Jorgrun

Illustrated notes

Levels and vault maps discovered:
D:1:      minmay_arrival_jagged, layout_loops_cross
D:2:      layout_basic, hellmonk_ecumenical_altar_prayer_group, serial_shops,
          shop, shop, shop_statue, nicolae_shop_statue_plus, uniq_terence
D:3:      layout_loops_ring, mainiacjoe_overflow_24_doors, lemuel_crystal_altar,
          uniq_crazy_yiuf_cottage, uniq_jessica
D:4:      layout_basic
D:5:      layout_gridville, lightli_sewer_entry_pipes
D:6:      layout_loops_ring, fedhas_altar_3, chei_slow_surprise,
          pf_guarded_unrand_woodcutter
D:7:      layout_cave_pools, nemelex_diamond_rough_becter,
          mainiacjoe_overflow_catwalk, minmay_temple_entry_hall, serial_shops,
          nicolae_shop_statue_plus, kennysheep_generic_room_2, uniq_joseph,
          uniq_menkaure, uniq_pikel
D:8:      layout_loops_cross, okawaru_trees_1, mainiacjoe_overflow_paths
D:9:      layout_basic, nicolae_tso_carved_into_rock, serial_shops,
          nicolae_square_shop
D:10:     layout_loops_ring, lemuel_round_altar,
          mainiacjoe_overflow_surrounded_room, enter_trove_0,
          nicolae_lava_and_water, uniq_nergalle
Orc:1:    layout_diamond_mine, basic_altar, serial_shops
Orc:2:    st_orc_pillars, layout_diamond_mine, special_room, serial_shops, shop,
          uniq_jorgrun

Skill      XL: |  1  2  3  4  5  6  7  8  9 10 11 |
---------------+----------------------------------+-----
Short Blades   | 4 6 8 10 | 10.0
Dodging        | 3 4 5 8 9 10 | 10.0
Fighting       | 4 5 7 9 10 | 10.0
Armour         | 4 |  4.0
Shields        | 3 6 9 |  9.6

Action                     |  1- 3 |  4- 6 |  7- 9 | 10-12 || total
---------------------------+-------+-------+-------+-------++-------
  Melee: Short sword       |    72 |   121 |   251 |       ||   444
         Kick              |    15 |    49 |    92 |   155 ||   311
         Peck              |    14 |    17 |    62 |    98 ||   191
         Punch             |     1 |     1 |     3 |       ||     5
         Dagger            |       |       |    59 |   379 ||   438
         Unarmed           |       |       |       |     5 ||     5
   Fire: Sling             |       |     8 |     9 |       ||    17
         Greatsling        |       |       |    89 |   151 ||   240
  Throw: Dart              |       |    12 |     1 |       ||    13
 Invoke: Berserk           |     2 |     3 |    11 |    13 ||    29
    Use: Scroll            |       |    10 |     1 |     6 ||    17
   Stab: Sleeping          |       |     1 |       |       ||     1
 Armour: Animal skin       |    12 |       |       |       ||    12
         Chain mail        |       |    11 |       |       ||    11
         Leather armour    |       |    12 |    38 |     2 ||    52
  Dodge: Dodged            |    44 |    52 |   127 |   140 ||   363
  Block: Kite shield       |       |       |     8 |   159 ||   167
         Buckler           |       |       |     3 |       ||     3

Table legend: (Time is in decaauts)
 A = Elapsed time spent in this place.
 B = Non-inter-level travel time spent in this place.
 C = Inter-level travel time spent in this place.
 D = Time resting spent in this place.
 E = Time spent auto-exploring this place.
 F = Levels seen in this place.
 G = Mean time per level.
                   A        B        C        D        E       F      G
               +--------+--------+--------+--------+--------+-----+--------+
         Total |  10602 |  10276 |    326 |   1920 |   5892 |  13 |  815.5 |
       Dungeon |   9623 |   9308 |    315 |   1853 |   5354 |  10 |  962.3 |
  Orcish Mines |    372 |    362 |     10 |     53 |    165 |   2 |  186.0 |
         Sewer |    606 |    606 |      0 |     12 |    373 |   1 |  606.0 |
               +--------+--------+--------+--------+--------+-----+--------+

Top non-repeatable levels by time:
     D:5: 1235 daAuts
     D:3: 1072 daAuts
     D:9: 1058 daAuts
     D:7: 1032 daAuts
    D:10: 999 daAuts
     D:6: 988 daAuts
     D:4: 951 daAuts
     D:1: 792 daAuts
     D:2: 753 daAuts
     D:8: 739 daAuts
   Sewer: 606 daAuts
   Orc:2: 319 daAuts
   Orc:1: 52 daAuts
